 Dungeon Crawl Stone Soup version 0.28-a0-422-gd71735cc25 (webtiles) character file.

Game seed: 4738138336572145924

328 Maimakterion the Cleaver (level 6, -2/67 HPs)
             Began as a Minotaur Chaos Knight on Sept 9, 2021.
             Was a Plaything of Xom.
             Slain by a wind drake (shapeshifter) (4 damage)
             ... on level 4 of the Dungeon.
             The game lasted 00:04:01 (2966 turns).

Maimakterion the Cleaver (Minotaur Chaos Knight)    Turns: 2966, Time: 00:04:02

Health: -2/67      AC:  5    Str: 16      XL:     6   Next: 25%
Magic:  5/5        EV: 11    Int:  8 (9)  God:    Xom [..*...]
Gold:   194        SH:  0    Dex: 10      Spells: 5/5 levels left

rFire   . . .      SeeInvis .   a - +1 hand axe (chaos)
rCold   . . .      Faith    .   (no shield)
rNeg    + . .      Spirit   .   b - +3 leather armour
rPois   .          Reflect  .   (helmet restricted)
rElec   .          Harm     .   (no cloak)
rCorr   .          Rampage  .   (no gloves)
Will    .....                   c - +0 pair of boots
Stlth   ..........              (no amulet)
HPRegen 0.21/turn               f - ring of positive energy
MPRegen 0.09/turn               (no ring)

@: berserking, unable to read, very quick
A: horns 2, retaliatory headbutt, deformed body, frail 1, weak 1, inability to
read while threatened
a: Renounce Religion


You were on level 4 of the Dungeon.
You worshipped Xom.
You were a toy of Xom.
You visited 1 branch of the dungeon, and saw 4 of its levels.

You collected 194 gold pieces.

Inventory:

Hand Weapons
 a - a +1 hand axe of chaos (weapon)
Missiles
 g - 2 boomerangs
 k - 2 atropa-tipped darts
 l - 4 poisoned darts (quivered)
Armour
 b - a +3 leather armour (worn)
 c - a +0 pair of boots (worn)
 d - a +0 chain mail
Jewellery
 f - a ring of positive energy (left hand)
 q - a ring of ice
Wands
 p - a wand of acid (11)
Potions
 e - a potion of curing
 m - a potion of ambrosia {unknown}
 n - a potion of brilliance {unknown}


   Skills:
 - Level 3.6 Fighting
 + Level 8.5 Axes
 - Level 2.4 Armour
 - Level 1.1 Dodging


You had 5 spell levels left.
You didn't know any spells.
Your spell library contained the following spells:

 Spells                   Type           Power      Damage    Failure   Level
 Slow                     Hex            0%         N/A       61%         2
 Confusing Touch          Hex            0%         N/A       83%         3
 Vampiric Draining        Necr           0%         2d6       83%         3


Dungeon Overview and Level Annotations

Branches:
Dungeon (4/15)
 Temple: D:4-7

Altars:
Trog


Innate Abilities, Weirdness & Mutations

You have a pair of horns on your head.
You reflexively headbutt those who attack you in melee.
Armour fits poorly on your strangely shaped body.
You are frail. (-10% HP)
You are weak. (Str -2)
You sometimes lose the ability to read scrolls when taking damage.


Message History

The creatures around you are filled with an inner flame!
It was a scroll of immolation.
The wind drake exhales a fierce blast of wind!
You are blown backwards!
As you read the scroll labelled YTONOC GONO, it crumbles to dust.
It is a scroll of enchant weapon.
Your +0 hand axe of chaos glows red for a moment.
The wind drake begins repelling missiles!
As you read the scroll labelled MAMOANE RIWEL, it crumbles to dust.
You feel aware of your surroundings.
It was a scroll of magic mapping.
The wind drake bites you!
You feel threatened and lose the ability to read scrolls!
You take 10 damage, and have 15/45 hp.
MASSIVE DAMAGE!!
It was a potion of curing.
You feel better.
Xom roars with laughter!
The wind drake bites you.
You cannot read scrolls in your current state!
Okay, then.
It was a potion of berserk rage.
A red film seems to cover your vision as you go berserk!
You feel yourself moving faster!
You feel mighty! The wind drake flaps its wings at you.
The air twists around and strikes you!!
* * * LOW HITPOINT WARNING * * *
The wind drake barely misses you. You furiously retaliate!
You headbutt the wind drake!
Flame seeps out of the wind drake.
You now have 2/67 hp.
You slash the wind drake!
Flame seeps out of the wind drake.
The wind drake is moderately wounded.
You closely miss the wind drake.
The wind drake is moderately wounded.
The wind drake is engulfed in blazing flames.
Flame seeps out of the wind drake.
The wind drake barely misses you.
You slash the wind drake!
Flame seeps out of the wind drake.
The wind drake goes berserk!
The wind drake is severely wounded.
The wind drake is engulfed in blazing flames.
Flame seeps out of the wind drake.
The wind drake bites you.
You die...
Xom howls with laughter!

*,* *,*,*,*** *,********
*,*,*,,,, *,*,,,,,,* *,*,*,,,,
***,*,****,#############*,*,*,,,,
,,,,*,*,,*,#............,,*,#,,,,
*****,*,,*,#>......(..,,.##.#,,,,
* *,*,,*,#.##.....,,,,.....,,,,
*****,*,,*,#.#*#..######?.#,#,,*,
,,,,,,,,,#,#.###@)#..<....#.#,,,,
*****,#.##.#...k.....).......,,,,
****+#...........#.......)..,,,,
*,,,...#.........#....###..#**,*
*,,,,,,#...............#,,..,*,*
*,,,,,,####.##...#.###.#,*,#,*,*
****+*** #......#.# *.#,*,,,*,*
*,*****#####..#.# *.#,,,,,*,,
*,,,,,,,,,,...#.#**.#,,,,,*,,


You could see a wind drake shaped shifter (berserk, inner flame, repels
missiles).

Vanquished Creatures
  A necrophage (D:3)
  A scorpion (D:3)
  2 orc wizards (D:3)
  3 adders
  3 gnolls (D:2)
  A worm (D:2)
  A dart slug (D:1)
  3 orcs
  6 endoplasms
  3 giant cockroaches (D:1)
  8 goblins
  2 hobgoblins
  10 jackals
  5 kobolds
  2 quokkas
  3 ball pythons
  5 bats
  5 frilled lizards
  4 rats
68 creatures vanquished.

Vanquished Creatures (others)
  A plant (D:1)
1 creature vanquished.

Grand Total: 69 creatures vanquished

Notes
Turn   | Place    | Note
-------+----------+-------------------------------------------
     0 | D:1      | Maimakterion the Minotaur Chaos Knight began the quest for
                  | the Orb.
     0 | D:1      | Reached XP level 1. HP: 19/19 MP: 0/0
   181 | D:1      | Reached skill level 4 in Axes
   301 | D:1      | Reached XP level 2. HP: 26/26 MP: 1/1
   829 | D:1      | XOM: divination: detect creatures
   847 | D:1      | Reached skill level 5 in Axes
   936 | D:1      | Found a faded altar of an unknown god.
   977 | D:1      | XOM: silly message
  1127 | D:2      | Found a bloodstained altar of Trog.
  1130 | D:2      | Reached XP level 3. HP: 31/31 MP: 2/2
  1370 | D:2      | Reached skill level 6 in Axes
  1370 | D:2      | Reached XP level 4. HP: 26/39 MP: 3/3
  1669 | D:3      | XOM: butterfly on damage
  1673 | D:2      | XOM: summons 3 hostile demons
  2022 | D:3      | Reached XP level 5. HP: 45/45 MP: 4/4
  2026 | D:3      | Reached skill level 7 in Axes
  2251 | D:3      | XOM: stat loss: -1 Dex (9/10)
  2282 | D:3      | Noticed a necrophage
  2283 | D:3      | XOM: polymorph dart slug -> bat
  2290 | D:3      | Killed a necrophage
  2291 | D:3      | Reached skill level 8 in Axes
  2408 | D:3      | Reached XP level 6. HP: 37/51 MP: 5/5
  2778 | D:3      | XOM: stat loss: -1 Int (8/9)
  2860 | D:3      | XOM: give mutations
  2860 | D:3      | Gained mutation: Armour fits poorly on your strangely
                  | shaped body. [Xom's mischief]
  2860 | D:3      | Gained mutation: You sometimes lose the ability to read
                  | scrolls when taking damage. [Xom's mischief]
  2860 | D:3      | Gained mutation: Your body sometimes deteriorates upon
                  | taking damage. [Xom's mischief]
  2899 | D:3      | XOM: give mutations
  2899 | D:3      | Gained mutation: You are weak. (Str -2) [Xom's mischief]
  2899 | D:3      | Gained mutation: You are frail. (-10% HP) [Xom's mischief]
  2899 | D:3      | Lost mutation: Your body sometimes deteriorates upon taking
                  | damage. [Xom's mischief]
  2954 | D:4      | Noticed a shapeshifter
  2954 | D:4      | XOM: polymorph something unseen -> shapeshifter
  2954 | D:4      | Noticed a wind drake
  2954 | D:4      | a shapeshifter changed into a wind drake
  2963 | D:4      | HP: 2/67 [wind drake (shapeshifter)/the air (22)]
  2966 | D:4      | Slain by a wind drake (shapeshifter)

Illustrated notes

Levels and vault maps discovered:
D:1:      tarquinn_simple_flora_water_c, layout_loops_corners,
          basic_ecumenical_altar, chequers_big_river, fountainhead,
          wander_ebering_terrifying_dragon_lair
D:2:      layout_basic, basic_altar
D:3:      layout_loops_cross, minmay_misc_feat_alley, nrook_uturn,
          minmay_randomly_rotated_circles
D:4:      layout_basic

Skill      XL: |  1  2  3  4  5 |
---------------+----------------+-----
Axes           | 4 5 6 8 |  8.5
Fighting       | |  3.6
Armour         | |  2.4
Dodging        | |  1.1

Action                   |  1- 3 |  4- 6 || total
-------------------------+-------+-------++-------
Melee: Hand axe          |    80 |   107 ||   187
       Headbutt          |     6 |    13 ||    19
Throw: Boomerang         |     1 |       ||     1
       Dart              |       |     6 ||     6
  Use: Scroll            |     5 |     3 ||     8
       Potion            |       |     3 ||     3
Armor: Leather armour    |    23 |    50 ||    73
Dodge: Dodged            |    51 |    59 ||   110

Table legend: (Time is in decaauts)
 A = Elapsed time spent in this place.
 B = Non-inter-level travel time spent in this place.
 C = Inter-level travel time spent in this place.
 D = Time resting spent in this place.
 E = Time spent auto-exploring this place.
 F = Levels seen in this place.
 G = Mean time per level.
                   A        B        C        D        E       F      G
               +--------+--------+--------+--------+--------+-----+--------+
         Total |   2974 |   2891 |     83 |    223 |   2180 |   4 |  743.5 |
       Dungeon |   2974 |   2891 |     83 |    223 |   2180 |   4 |  743.5 |
               +--------+--------+--------+--------+--------+-----+--------+

Top non-repeatable levels by time:
     D:1: 1141 daAuts
     D:3: 1011 daAuts
     D:2: 762 daAuts
     D:4: 59 daAuts
